 Dungeon Crawl Stone Soup version 0.29.1-13-g9f3cf754e1 (webtiles) character file.

Game seed: 9048472774960184465

88 BjarkeEik the Cudgeller (level 4, -1/40 HPs)
             Began as a Draconian Berserker on Jan 22, 2023.
             Was a Believer of Trog.
             Slain by Pikel
             ... wielding a +2 whip of freezing
              (4 damage)
             ... on level 4 of the Dungeon.
             The game lasted 00:11:15 (1455 turns).

BjarkeEik the Cudgeller (Draconian Berserker)       Turns: 1455, Time: 00:11:16

Health: -1/40      AC:  5    Str: 21    XL:     4   Next: 29%
Magic:  4/4        EV: 12    Int:  8    God:    Trog [**....]
Gold:   91         SH:  0    Dex: 10    Spells: 3/3 levels left

rFire   . . .      SeeInvis .   a - +0 mace
rCold   . . .      Faith    .   (no shield)
rNeg    . . .      Spirit   .   (body armour unavailable)
rPois   .          Reflect  .   (helmet restricted)
rElec   .          Harm     .   (no cloak)
rCorr   .          Rampage  .   (no gloves)
Will    .....                   (no boots)
Stlth   +.........              (no amulet)
HPRegen 0.13/turn               (no ring)
MPRegen 0.09/turn               (no ring)

@: on berserk cooldown, slowed, very slow
A: AC +5, unfitting armour, cold-blooded
a: Renounce Religion, Berserk, Trog's Hand


You were on level 4 of the Dungeon.
You worshipped Trog.
Trog was pleased with you.
You visited 1 branch of the dungeon, and saw 4 of its levels.

You collected 91 gold pieces.

Inventory:

Hand Weapons
 a - a +0 mace (weapon)
Armour
 b - a +0 robe
 m - an orb of mayhem
Jewellery
 h - a ring of resist corrosion
 n - a ring of wizardry
Scrolls
 i - a scroll of enchant armour {unknown}
 k - a scroll of silence {unknown}
 l - a scroll of teleportation {unknown}
Potions
 d - a potion of might {unknown}
 e - a potion of lignification {unknown}
 f - a potion of degeneration {unknown}
 g - 2 potions of cancellation {unknown}
 j - a potion of brilliance {unknown}
 o - a potion of berserk rage {unknown}
 p - a potion of curing {unknown}


   Skills:
 + Level 4.0 Fighting
 + Level 4.2 Maces & Flails
 + Level 3.2 Dodging
 + Level 0.3 Stealth


You had 3 spell levels left.
You didn't know any spells.
Your spell library contained the following spells:

 Spells                   Type           Power      Damage    Failure   Level
 Sandblast                Erth           0%         2d4       41%         1
 Passwall                 Tmut/Erth      0%         N/A       54%         2
 Stone Arrow              Conj/Erth      0%         3d7       78%         3


Dungeon Overview and Level Annotations

Branches:
Dungeon (4/15)
 Temple: D:4-7

Altars:

Annotations:
D:4 Pikel


Innate Abilities, Weirdness & Mutations

Your plain brown scales are hard. (AC +5)
You cannot fit into any form of body armour.
You are cold-blooded and may be slowed by cold attacks.


Message History

Pikel hits you with a +2 whip of freezing!
Pikel freezes you.
You miss the lemure.
Your tail-slap misses the lemure.
The lemure is heavily wounded.
The lemure hits you. Pikel barely misses you.
You barely miss Pikel. The lemure hits you.
Pikel cracks his whip.
Pikel hits you with a +2 whip of freezing!
* * * LOW HITPOINT WARNING * * *
You feel yourself slow down. Pikel freezes you.
* * * LOW HITPOINT WARNING * * *
Okay, then.
You are too berserk!
You are too berserk!
The lemure attacks as you move away! The lemure closely misses you.
You feel a strong urge to attack something.
You feel yourself speed up.
You are no longer berserk.
You are exhausted.
You feel yourself slow down. The lemure barely misses you.
Pikel waves his whip at you. Pikel attacks as you move away!
Pikel completely misses you. The lemure attacks as you move away!
The lemure hits you.
* * * LOW HITPOINT WARNING * * *
You feel much better.
An orc comes into view. It is wielding a +0 dagger.
The lemure closely misses you.
You hit the lemure but do no damage. The lemure misses you.
Pikel hits you with a +2 whip of freezing!
You feel as though you will be slow longer.
Pikel freezes you. Pikel attacks as you move away!
Pikel hits you with a +2 whip of freezing.
Pikel freezes you.
* * * LOW HITPOINT WARNING * * *
The lemure barely misses you.
Pikel hits you with a +2 whip of freezing!
* * * LOW HITPOINT WARNING * * *
You feel as though you will be slow longer.
Pikel freezes you.
You die...

### ### #..
....###.### #
#.......##.###.
#.!..o.<...!..#
#..##5#.##.##.#
## #K......#
#@5.....#
#...#..##.#
......./......
........#..##.##
........#... ..
.......##...# .
....... ...#
....... .#


You could see Pikel, 2 lemures and an orc.

Vanquished Creatures
  2 lemures (D:4)
  Jessica (D:2)
  An adder (D:2)
  A white imp (D:4)
  2 worms (D:2)
  3 ball pythons
  4 endoplasms
  3 giant cockroaches
  3 goblins
  3 hobgoblins (D:1)
  2 kobolds
  6 bats
  4 frilled lizards
  7 rats
42 creatures vanquished.

Notes
Turn   | Place    | Note
-------+----------+-------------------------------------------
     0 | D:1      | BjarkeEik the Draconian Berserker began the quest for the
                  | Orb.
     0 | D:1      | Reached XP level 1. HP: 19/19 MP: 1/1
   149 | D:1      | Reached XP level 2. HP: 24/26 MP: 2/2
   936 | D:2      | Noticed Jessica
   945 | D:2      | Reached XP level 3. HP: 32/33 MP: 3/3
   947 | D:2      | Killed Jessica
  1078 | D:2      | Found a faded altar of an unknown god.
  1170 | D:2      | Reached XP level 4. HP: 37/40 MP: 4/4
  1358 | D:3      | Reached ** piety under Trog
  1433 | D:4      | Noticed a lemure
  1438 | D:4      | Noticed a lemure
  1440 | D:4      | Killed a lemure
  1441 | D:4      | Noticed Pikel
  1443 | D:4      | Noticed a lemure
  1445 | D:4      | Killed a lemure
  1447 | D:4      | Noticed a lemure
  1455 | D:4      | Slain by Pikel

Illustrated notes

Levels and vault maps discovered:
D:1:      dpeg_arrival_pond, layout_loops_ring
D:2:      layout_loops_cross, basic_ecumenical_altar, uniq_jessica
D:3:      layout_basic
D:4:      layout_loops_cross, serial_shops, shop, ebering_ghost_sewer_d,
          uniq_sigmund, uniq_ijyb, uniq_pikel

Skill      XL: |  1  2  3  4 |
---------------+-------------+-----
Dodging        | 3 |  3.2
Maces & Flails | 4 |  4.2
Fighting       | 4 |  4.0
Stealth        | |  0.3

Action                   |  1- 3 |  4- 6 || total
-------------------------+-------+-------++-------
Melee: Mace              |    96 |    20 ||   116
       Tailslap          |     4 |     1 ||     5
       Punch             |     1 |       ||     1
Invok: Berserk           |     2 |     1 ||     3
  Use: Potion            |     1 |     1 ||     2
Armor: Skin              |    33 |       ||    33
Dodge: Dodged            |    73 |    22 ||    95
